 Dungeon Crawl Stone Soup version 0.30-a0-359-gd0147acb1a (webtiles) character file.

Game seed: 889286756696481714

520 Manisia the Sneak (level 7, -10/33 HPs)
             Began as a Spriggan Enchanter on Nov 11, 2022.
             Killed by divine providence
             ... invoked by an orc priest
              (11 damage)
             ... on level 4 of the Dungeon.
             The game lasted 00:09:47 (4267 turns).

Manisia the Sneak (Spriggan Enchanter)              Turns: 4267, Time: 00:09:48

Health: -10/33     AC:  2    Str:  4    XL:     7   Next: 1%
Magic:  0/15       EV: 17    Int: 19    God:
Gold:   147        SH:  0    Dex: 15    Spells: 7/16 levels left

rFire   . . .      SeeInvis +    n - +4 dagger (venom)
rCold   . . .      Faith    .    (no shield)
rNeg    . . .      Spirit   .    b - +0 robe
rPois   .          Reflect  .    (helmet restricted)
rElec   .          Harm     .    (no cloak)
rCorr   .          Rampage  .    (gloves unavailable)
Will    +....                    (boots unavailable)
Stlth   +++.......               (no amulet)
HPRegen 0.25/turn                (no ring)
MPRegen 0.14/turn                (no ring)

@: very quick
A: very small, no large weapons, unfitting armour, see invisible, speed 3
a: no special abilities


You were on level 4 of the Dungeon.
You visited 1 branch of the dungeon, and saw 5 of its levels.
You also visited: Sewer.

You collected 147 gold pieces.

Inventory:

Hand Weapons
 a - a +2 dagger
 n - a +4 dagger of venom (weapon)
Missiles
 j - 3 poisoned darts (quivered)
Armour
 b - a +0 robe (worn)
Wands
 g - a wand of charming (13)
 o - a wand of flame (7)
Scrolls
 k - 2 scrolls of teleportation
 m - a scroll of immolation
 p - a scroll of blinking {unknown}
 q - a scroll of amnesia {unknown}
Potions
 c - 2 potions of might {unknown}
 d - 2 potions of magic
 e - a potion of attraction
 f - a potion of mutation {unknown}
 h - 5 potions of brilliance
 i - 2 potions of lignification
 l - 2 potions of cancellation {unknown}
 r - a potion of curing {unknown}


   Skills:
 + Level 1.4 Fighting
 * Level 4.6 Short Blades
 - Level 3.0 Dodging
 - Level 5.0 Stealth
 - Level 5.0 Spellcasting
 - Level 5.0 Hexes
 - Level 2.0 Ice Magic


You had 7 spell levels left.
You knew the following spells:

 Your Spells              Type           Power      Damage    Failure   Level
a - Ensorcelled Hibernat  Hex/Ice        36%        N/A       4%          2
b - Confusing Touch       Hex            23%        N/A       4%          3
c - Dazzling Flash        Conj/Hex       28%        N/A       13%         3
d - Slow                  Hex            92%        N/A       1%          1

Your spell library contained the following spells:

 Spells                   Type           Power      Damage    Failure   Level
 Tukima's Dance           Hex            23%        N/A       4%          3
 Apportation              Tloc           8%         N/A       12%         1
 Summon Small Mammal      Summ           16%        N/A       12%         1
 Summon Guardian Golem    Hex/Summ       14%        N/A       13%         3
 Passwall                 Tmut/Erth      3%         N/A       19%         2
 Call Canine Familiar     Summ           4%         N/A       36%         3
 Swiftness                Air            4%         N/A       36%         3
 Vampiric Draining        Necr           4%         2d6       36%         3
 Alistair's Intoxication  Tmut/Pois      2%         N/A       98%         5


Dungeon Overview and Level Annotations

Branches:
Dungeon (5/15)              Sewer (visited)
 Temple: D:4-7

Altars:
Ru
Wu Jian
Xom
Yredelemnul


Innate Abilities, Weirdness & Mutations

You are very small and have problems with some larger weapons.
You are too small for most types of armour.
You have supernaturally acute eyesight. (SInv)
You cover ground extremely quickly. (Speed+++)


Message History

The orc is moderately wounded.
The ball python bites you but does no damage.
The ball python constricts you.
You catch the helpless orc completely off-guard!
You impale the orc!!
You kill the orc!
The orc priest calls down the wrath of Beogh upon you.
Beogh smites you! The ball python closely misses you.
The ball python constricts you.
Casting: Dazzling Flash (quite dangerous; 13% risk of failure)
Confirm with . or Enter, or press ? or * to list all spells.
Aiming: Ensorcelled Hibernation (safe; 4% risk of failure)
Press: ? - help, Shift-Dir - straight line, f - ball python
Aim: a ball python (constricting you, chance to affect: 68%)
The ball python struggles to resist.
The ball python bites you. The ball python constricts you.
Casting: Ensorcelled Hibernation (safe; 4% risk of failure)
Confirm with . or Enter, or press ? or * to list all spells.
Aiming: Ensorcelled Hibernation (safe; 4% risk of failure)
Press: ? - help, Shift-Dir - straight line, f/p - ball python
Aim: a ball python (constricting you, chance to affect: 68%)
The ball python looks drowsy...
The ball python loses its grip on you. The orc priest hits you with a +0 mace.
* * * LOW HITPOINT WARNING * * *
The helpless ball python fails to defend itself.
You impale the ball python!!
You kill the ball python!
The orc priest hits you with a +0 mace!
* * * LOW HITPOINT WARNING * * *
Casting: Ensorcelled Hibernation (safe; 4% risk of failure)
Confirm with . or Enter, or press ? or * to list all spells.
Aiming: Ensorcelled Hibernation (safe; 4% risk of failure)
Press: ? - help, Shift-Dir - straight line, f - orc priest
Aim: an orc priest, wielding a +0 mace and wearing a +0 leather armour (chance to affect: 50%)
The orc priest resists with significant effort.
The orc priest looks encouraged for a moment.
Your magical contamination has completely faded away.
The orc priest invokes the aid of Beogh against you.
Beogh smites you!
You die...

##+###
##.....##
#+.......+
##...?8....
###...8...8..
##.#..........
#_.@..8).8..8.
##.#..o.......
###..)8...8..
##....8....
#+[...[..+
##.....##
##+###


You could see an orc priest.

Vanquished Creatures
  A bullfrog (Sewer)
  A howler monkey (D:5)
  An orc priest (D:4)
  Crazy Yiuf (D:3)
  An orc wizard (D:4)
  Robin (D:3)
  4 gnolls
  9 adders
  8 river rats
  4 worms
  2 dart slugs (D:1)
  5 orcs
  6 bats
  5 endoplasms
  2 giant cockroaches (D:1)
  13 goblins
  10 hobgoblins
  4 jackals
  A quokka (D:1)
  12 ball pythons
  3 frilled lizards
  5 kobolds
  36 rats
135 creatures vanquished.

Notes
Turn   | Place    | Note
-------+----------+-------------------------------------------
     0 | D:1      | Manisia the Spriggan Enchanter began the quest for the Orb.
     0 | D:1      | Reached XP level 1. HP: 9/9 MP: 5/5
   102 | D:1      | Reached XP level 2. HP: 10/13 MP: 6/6
   105 | D:1      | Learned a level 2 spell: Ensorcelled Hibernation
   448 | D:1      | Reached skill level 5 in Stealth
   757 | D:1      | Reached XP level 3. HP: 16/16 MP: 8/8
   761 | D:1      | Learned a level 3 spell: Confusing Touch
  1203 | D:2      | Reached XP level 4. HP: 10/21 MP: 1/10
  2257 | D:3      | Found a basalt altar of Yredelemnul.
  2259 | D:3      | Found a shimmering altar of Xom.
  2262 | D:3      | Found an ornate altar of the Wu Jian Council.
  2324 | D:3      | Noticed Robin
  2334 | D:3      | Killed Robin
  2335 | D:3      | Reached skill level 1 in Ice Magic
  2503 | D:3      | Found a runed translucent door.
  2504 | D:3      | Noticed Crazy Yiuf
  2873 | D:3      | Killed Crazy Yiuf
  2874 | D:3      | Reached XP level 5. HP: 9/25 MP: 4/11
  3007 | D:4      | Reached skill level 5 in Hexes
  3073 | D:4      | You fall into a shaft and drop 1 floor!
  3073 | D:5      | Entered Level 5 of the Dungeon
  3086 | D:5      | Noticed a phantom
  3175 | D:5      | Found a glowing drain.
  3184 | Sewer    | Entered a sewer
  3262 | Sewer    | Reached XP level 6. HP: 19/29 MP: 13/13
  3279 | Sewer    | Learned a level 3 spell: Dazzling Flash
  3281 | Sewer    | Learned a level 1 spell: Slow
  3577 | Sewer    | Reached skill level 1 in Fighting
  3811 | Sewer    | HP: 1/30 [frozen (2)]
  4234 | D:5      | Reached skill level 5 in Spellcasting
  4247 | D:4      | Found a sacrificial altar of Ru.
  4255 | D:4      | Reached XP level 7. HP: 33/33 MP: 11/15
  4263 | D:4      | HP: 1/33 [orc priest/+0 mace (7)]
  4267 | D:4      | Killed from afar by an orc priest

Illustrated notes

Levels and vault maps discovered:
D:1:      dpeg_arrival_pits, layout_basic, serial_aquarium,
          aquarium_bridge_long_joined [aquarium_subvault_wall,
          aquarium_subvault_bridge, aquarium_subvault_bridge,
          aquarium_subvault_bridge, aquarium_subvault_bridge,
          aquarium_subvault_wall], aquarium_bridge_straight
          [aquarium_subvault_bridge, aquarium_subvault_wall,
          aquarium_subvault_bridge, aquarium_subvault_wall], aquarium_window_1,
          aquarium_window_corner, aquarium_window_fake, aquarium_window_fake,
          aquarium_view_2b, minivault_5
D:2:      layout_rooms
D:3:      layout_loops_cross, minitemple, uniq_crazy_yiuf_cottage, uniq_robin
D:4:      layout_loops_ring, grunt_temple_overflow_octagram
D:5:      layout_rooms, lightli_sewer_entry_pipes, kennysheep_generic_room_14,
          uniq_duvessa

Skill      XL: |  1  2  3  4  5  6 |
---------------+-------------------+-----
Hexes          | 4 5 |  5.0
Stealth        | 5 |  5.0
Spellcasting   | 3 4 5 |  5.0
Dodging        | 3 |  3.0
Short Blades   | 2 3 4 |  4.6
Ice Magic      | 1 2 |  2.0
Fighting       | 1 |  1.4

Action                   |  1- 3 |  4- 6 |  7- 9 || total
-------------------------+-------+-------+-------++-------
Melee: Dagger            |    88 |   258 |     5 ||   351
       Punch             |     2 |     4 |       ||     6
Throw: Dart              |       |     1 |       ||     1
 Cast: Ensorcelled Hiber |    16 |    34 |     3 ||    53
       Dazzling Flash    |       |     1 |     1 ||     2
  Use: Scroll            |     4 |    11 |       ||    15
       Potion            |       |     3 |       ||     3
 Stab: Sleeping          |    20 |    27 |     1 ||    48
       Invisible         |       |     4 |     1 ||     5
Armor: Robe              |    15 |    19 |     1 ||    35
Dodge: Dodged            |    87 |   201 |    11 ||   299

Table legend: (Time is in decaauts)
 A = Elapsed time spent in this place.
 B = Non-inter-level travel time spent in this place.
 C = Inter-level travel time spent in this place.
 D = Time resting spent in this place.
 E = Time spent auto-exploring this place.
 F = Levels seen in this place.
 G = Mean time per level.
                   A        B        C        D        E       F      G
               +--------+--------+--------+--------+--------+-----+--------+
         Total |   3365 |   3324 |     41 |    329 |   2225 |   6 |  560.8 |
       Dungeon |   2469 |   2428 |     41 |     44 |   1849 |   5 |  493.8 |
         Sewer |    895 |    895 |      0 |    285 |    376 |   1 |  895.0 |
               +--------+--------+--------+--------+--------+-----+--------+

Top non-repeatable levels by time:
   Sewer: 895 daAuts
     D:1: 842 daAuts
     D:3: 761 daAuts
     D:2: 582 daAuts
     D:5: 193 daAuts
     D:4: 90 daAuts
